 Dungeon Crawl Stone Soup version 0.32-a0-468-g38b2580584 (webtiles) character file.

Game seed: 9800806464144674165

319 Ruich the Changeling (level 6, -1/39 HPs)
             Began as an Octopode Shapeshifter on Feb 25, 2024.
             Slain by a black bear (5 damage)
             ... on level 3 of the Dungeon.
             The game lasted 00:07:29 (3280 turns).

Ruich the Changeling (Octopode Shapeshifter)        Turns: 3280, Time: 00:07:29

Health: -1/39      AC:  1    Str: 16    XL:     6   Next: 46%
Magic:  6/6        EV: 13    Int: 12    God:
Gold:   172        SH:  0    Dex: 11    Spells: 5/5 levels left

rFire   . .          .
                       - Unarmed
rCold   . . .        (no shield)
rNeg    . . .        (helmet currently unavailable)
rPois   .            (no amulet)
rElec   .            (no ring)
rCorr   .            (no ring)
SInv    .            (no ring)
Will    .....        (no ring)
Stlth   ++           (no ring)
HPRegen 0.26/turn    (no ring)
MPRegen 0.10/turn    (no ring)
                     (no ring)

%: no passive effects
@: beast-form
A: beast (slay +3), almost no armour, amphibious, 8 rings, camouflage 1,
gelatinous body 1, (nimble swimmer 1), tentacles
a: Begin Untransformation


You were on level 3 of the Dungeon.
You were a hulking beast.
You visited 1 branch of the dungeon, and saw 4 of its levels.
You also visited: Sewer.

You collected 172 gold pieces.


Innate Abilities, Weirdness & Mutations

You are a hulking beast.
Your limbs bulge with bestial killing power. (Slay +3)
You cannot wear most types of armour.
You are amphibious.
You can wear up to eight rings at the same time.
Your skin changes colour to match your surroundings (Stealth+).
Your rubbery body absorbs attacks. (AC +1, EV +1)
((You are camouflaged when in or above water. (Stealth+)))
You have tentacles for arms and can constrict up to eight enemies at once.


   Skills:
 - Level 1.6 Fighting
 - Level 2.4 Dodging
 - Level 3.3 Unarmed Combat
 + Level 6.1 Shapeshifting


You had 5 spell levels left.
You didn't know any spells.
Your spell library contained the following spells:

 Spells                   Type           Power      Damage    Failure   Level
 Ensorcelled Hibernation  Hex/Ice        0%         N/A       45%         2
 Passwall                 Erth           0%         N/A       69%         3
 Swiftness                Air            0%         N/A       69%         3
 Summon Forest            Summ/Tloc      0%         N/A       100%        5
 Eringya's Noxious Bog    Alch           0%         4d6       100%        6
 Summon Hydra             Summ           0%         N/A       100%        7

Inventory:

Armour
 r - a +0 cloak
Talismans
 b - a beast talisman (active)
 c - a flux talisman
Wands
 a - a wand of iceblast (7)
 l - a wand of polymorph (11)
Scrolls
 d - a scroll of enchant weapon
 f - 3 scrolls of identify {@r1}
 g - a scroll of fear {unknown}
 i - a scroll of poison
 j - a scroll of acquirement {unknown}
 k - a scroll of teleportation {unknown}
 n - 2 scrolls of revelation {unknown}
 o - a scroll of amnesia {unknown}
 q - a scroll of torment {unknown}
 t - a scroll of brand weapon {unknown}
 y - a scroll of fog {unknown}
Potions
 e - a potion of curing {@q1}
 h - a potion of haste {unknown}
 m - a potion of berserk rage {unknown}
 p - a potion of might {unknown}
 s - 2 potions of enlightenment
 v - 2 potions of mutation
 w - a potion of invisibility {unknown}
 x - a potion of brilliance {unknown}
 z - a potion of resistance {unknown}

Dungeon Overview and Level Annotations

Branches:
Dungeon (4/15)              Sewer (visited)
 Temple: D:4-7

Altars:

Shops:
D:3

( #......... ###########
#......... #§§§§§§§§§#
#......... #§§§§§§§§§#
#......... #§§§§§§§§§#
#......... #§§§§§§§§§#
#......... #§§§§§§§§§#
#.........
##§§§§§§§§§####.........
#§§§§§§h§§§§§##.........
#§§§§§h§§§§#§##........÷
#§§§§§§§§§§+............
#§§§§§§§§§§#.##.........
#§§§§§§§§§§§§...########
##§§§§§§§§§§§##.#
#############§§#.#
#........#####§#.########
#........................


You could see a black bear.


Message History

Unknown command.
As you read the scroll labelled ZEGU QOGUTUSES, it crumbles to dust.
It is a scroll of identify.
i - 2 scrolls of poison The black bear closely misses you.
The black bear claws you. The black bear barely misses you.
The air fills with toxic fumes!
As you read the scroll of poison, it crumbles to dust.
The black bear bites you!
* * * LOW HITPOINT WARNING * * *
The black bear claws you but does no damage.
The black bear claws you.
* * * LOW HITPOINT WARNING * * *
As you read the scroll labelled KILYCO BUOKA, it crumbles to dust.
It is a scroll of enchant weapon.
You aren't carrying any weapons that can be enchanted.
The black bear bites you but does no damage.
The black bear closely misses you. The black bear claws you.
* * * LOW HITPOINT WARNING * * *
Unknown command.
As you read the scroll labelled EHUASI TALUKH, it crumbles to dust.
You hear a loud clanging noise!
It was a scroll of noise.
The black bear bites you.
* * * LOW HITPOINT WARNING * * *
The black bear misses you. The black bear barely misses you.
Unknown command.
You feel better. The black bear bites you.
* * * LOW HITPOINT WARNING * * *
The black bear barely misses you. The black bear claws you.
You die...

Skill      XL: |  1  2  3  4  5  6 |
---------------+-------------------+-----
Shapeshifting  | 4 5 6 |  6.1
Fighting       | |  1.6
Dodging        | |  2.4
Unarmed Combat | |  3.3

Action                     |  1- 3 |  4- 6 || total
---------------------------+-------+-------++-------
  Melee: Unarmed           |    76 |   107 ||   183
         Constrict         |    22 |    27 ||    49
         Tentacles         |    11 |    16 ||    27
         Punch             |     3 |     2 ||     5
    Use: Potion            |     1 |     2 ||     3
         Scroll            |       |     4 ||     4
   Stab: Sleeping          |     8 |    16 ||    24
 Armour: Skin              |    29 |    54 ||    83
  Dodge: Dodged            |    47 |    60 ||   107

Levels and vault maps discovered:
D:1:      amcnicky_arrival_feature_with_door, layout_basic,
          ebering_ecumenical_altar_rust, hangedman_decor_points
D:2:      layout_loops_ring, uniq_terence
D:3:      layout_basic, serial_shops, shop, gup_sewer_entry_pipe,
          minmay_misc_feat_tower
D:4:      layout_gridville, uniq_blork_the_orc

Notes
Turn   | Place    | Note
-------+----------+-------------------------------------------
     0 | D:1      | Ruich the Octopode Shapeshifter began the quest for the
                  | Orb.
     0 | D:1      | Reached XP level 1. HP: 13/13 MP: 1/1
   147 | D:1      | Found a faded altar of an unknown god.
   180 | D:1      | Reached XP level 2. HP: 18/18 MP: 2/2
   469 | D:1      | Reached XP level 3. HP: 22/23 MP: 3/3
  1571 | D:2      | Noticed Terence
  1577 | D:2      | Killed Terence
  1578 | D:2      | Reached skill level 4 in Shapeshifting
  1578 | D:2      | Reached XP level 4. HP: 5/29 MP: 4/4
  1578 | D:2      | HP: 2/43 [poisoned by Terence]
  2171 | D:3      | Reached XP level 5. HP: 26/34 MP: 5/5
  2224 | D:3      | Reached skill level 5 in Shapeshifting
  2317 | D:3      | Found a glowing drain.
  2338 | Sewer    | Entered a sewer
  2570 | Sewer    | Reached XP level 6. HP: 39/39 MP: 6/6
  2661 | Sewer    | Reached skill level 6 in Shapeshifting
  2848 | D:3      | Found Titrello's Antique Weapon Emporium.
  3269 | D:4      | Noticed a black bear
  3280 | D:3      | Slain by a black bear

Vanquished Creatures
  A brain worm (Sewer)
  Terence (D:2)
  2 orc wizards (D:3)
  4 adders
  3 river rats (Sewer)
  5 dart slugs
  2 ribbon worms
  2 orcs (D:3)
  6 ball pythons
  11 bats
  5 endoplasms
  8 giant cockroaches
  5 goblins
  7 hobgoblins
  9 jackals
  6 quokkas
  9 frilled lizards
  7 kobolds
  3 rats
96 creatures vanquished.

Table legend: (Time is in decaauts)
 A = Elapsed time spent in this place.
 B = Non-inter-level travel time spent in this place.
 C = Inter-level travel time spent in this place.
 D = Time resting spent in this place.
 E = Time spent auto-exploring this place.
 F = Levels seen in this place.
 G = Mean time per level.
                   A        B        C        D        E       F      G
               +--------+--------+--------+--------+--------+-----+--------+
         Total |   3267 |   3197 |     70 |    563 |   1809 |   5 |  653.4 |
       Dungeon |   2785 |   2715 |     70 |    510 |   1621 |   4 |  696.2 |
         Sewer |    482 |    482 |      0 |     53 |    188 |   1 |  482.0 |
               +--------+--------+--------+--------+--------+-----+--------+

Top non-repeatable levels by time:
     D:3: 978 daAuts
     D:1: 940 daAuts
     D:2: 838 daAuts
   Sewer: 482 daAuts
     D:4: 28 daAuts

Table legend:
 A = Non-vault XP
 B = Vault XP
 C = Vault XP percentage of total XP
 D = Non-vault monster count
 E = Vault monster count
 F = Vault count percentage of total count
                 A         B        C        D         E       F
            +---------+---------+-------+---------+---------+-------
      Total |     223 |     234 |  51.2 |      62 |      34 |  35.4
            +---------+---------+-------+---------+---------+-------
        D:1 |      42 |       0 |   0.0 |      23 |       0 |   0.0
        D:2 |      34 |      36 |  51.4 |      17 |       1 |   5.6
        D:3 |     133 |      14 |   9.5 |      21 |       7 |  25.0
        D:4 |      14 |       0 |   0.0 |       1 |       0 |   0.0
      Sewer |       0 |     184 | 100.0 |       0 |      26 | 100.0
            +---------+---------+-------+---------+---------+-------
